AoeStats
← my_dad

Arabia

510337297Analyzed
1v1 RM · 21h ago on Sep 30, 2026· 62m 45s· 2 players
Game mode
Random Map
Map size
Tiny (2 player)
Population
200
Speed
Normal
Resources
Standard
Victory
Conquest
Starting age
Dark Age
Ending age
Imperial Age
RankedLock teamsTeams togetherTeam positionsShared explorationLock speedFull tech treeHidden civsTurbo modeCheats
Victory
Defeat
🇩🇪 Mongols · Germany
1387
+18
🇫🇷 Khitans · France
1421
-18
my_dad
6:37 Loom
8:47 Feudal Age
9:34 Double-Bit Axe
13:16 Wheelbarrow
18:45 Horse Collar
18:56 Gold Mining
21:09 Castle Age
20:00 Forging
20:28 Bloodlines
20:35 Scale Barding Armor
24:53 Bow Saw
34:01 Chain Barding Armor
37:40 Imperial Age
35:22 Fletching
37:21 Bodkin Arrow
37:58 Hand Cart
37:28 Town Watch
37:45 Heavy Plow
38:10 Heavy Camel Rider
39:07 Masonry
42:30 Chemistry
42:36 Bracer
43:28 Padded Archer Armor
43:58 Parthian Tactics
42:53 Heavy Cavalry Archer
44:00 Thumb Ring
47:06 Leather Archer Armor
47:37 Ballistics
51:13 Iron Casting
50:55 Light Cavalry
52:30 Husbandry
54:38 Town Patrol
54:18 Hussar
56:24 Blast Furnace
56:06 Murder Holes
57:13 Conscription
Teckno_PanDa
6:25 Loom
9:09 Feudal Age
9:40 Double-Bit Axe
16:43 Forging
20:53 Castle Age
18:56 Gold Mining
19:09 Domestication
20:07 Scale Barding Armor
22:44 Husbandry
24:02 Iron Casting
26:23 Fletching
26:33 Padded Archer Armor
27:05 Bodkin Arrow
35:39 Imperial Age
32:56 Town Watch
33:37 Leather Archer Armor
34:37 Chain Barding Armor
35:17 Gambesons
35:17 Arson
35:33 Squires
36:13 Scale Mail Armor
37:06 Conscription
37:12 Light Cavalry
38:11 Chain Mail Armor
37:54 Elite Fire Lancer
49:11 Elite Skirmisher
50:42 Bracer
51:12 Ring Archer Armor
51:45 Ballistics
55:34 Wheelbarrow
55:31 Hussar
57:28 Thumb Ring
Connection lost

Rejoining the realm…

Still unreachable

The connection could not be restored.

Session expired

The server has moved on; the page needs a fresh start.